 Dungeon Crawl Stone Soup version 0.28-a0-723-g095bd1b44f (webtiles) character file.

Game seed: 1934289892831132528

56532 BlueGoblin the Acrobat (level 14, -12/66 HPs)
             Began as a Tengu Monk on Oct 26, 2021.
             Was an Elder of Yredelemnul.
             Mangled by Rupert (15 damage)
             ... while paralysed by Rupert
             ... on level 2 of the Orcish Mines.
             The game lasted 01:13:17 (29600 turns).

BlueGoblin the Acrobat (Tengu Monk)                Turns: 29600, Time: 01:13:18

Health: -12/66     AC: 18    Str: 17      XL:     14   Next: 82%
Magic:  0/22       EV:  2    Int: 10      God:    Yredelemnul [****..]
Gold:   1557       SH:  0    Dex: 24 (25) Spells: 13/13 levels left

rFire   . . .      SeeInvis .   a - +1 dagger (venom)
rCold   + . .      Faith    .   n - +0 buckler
rNeg    . . .      Spirit   +   B - +2 swamp dragon scales
rPois   +          Reflect  .   Q - +2 hat
rElec   .          Harm     .   k - +1 cloak
rCorr   .          Rampage  .   I - +0 pair of gloves
Will    +....                   (boots unavailable)
Stlth   ++........              j - amulet of guardian spirit
HPRegen 0.21/turn               c - ring of protection from cold
MPRegen 0.18/turn               C - +6 ring of strength

@: paralysed, flying quickly and evasively, very slightly contaminated,
invisible, quick
A: beak, talons 3, nimble flight, antennae 1, agile 1, deterioration 1, frail 1,
wild magic 1
a: Renounce Religion, Recall Undead Slaves, Injury Mirror, Animate Dead, Drain
Life


You were on level 2 of the Orcish Mines.
You worshipped Yredelemnul.
Yredelemnul was greatly pleased with you.
You visited 4 branches of the dungeon, and saw 20 of its levels.

You collected 1557 gold pieces.

Inventory:

Hand Weapons
 a - a +1 dagger of venom (weapon)
 b - the +4 hunting sling of the Ring {vorpal, rN+ Dex+4}
   (You found it on level 6 of the Lair of Beasts)

   Any ammunition fired from it inflicts extra damage upon your enemies.
   Dex:       It affects your dexterity (+4).
   rN:        It protects you from negative energy.
 p - a +1 short sword of flaming
 q - a +1 rapier of freezing
 J - the +7 flail of Lienwul {venom, rF+ rN+ Int+2}
   (You found it on level 9 of the Dungeon)

   It poisons the flesh of those it strikes.
   Int:       It affects your intelligence (+2).
   rF:        It protects you from fire.
   rN:        It protects you from negative energy.
 W - a +1 dagger of freezing
Missiles
 h - 99 poisoned darts
 m - a curare-tipped dart
 v - 2 throwing nets
 X - 341 stones
 Z - 33 sling bullets
Armour
 k - a +1 cloak (worn)
 n - a +0 buckler (worn)
 r - a +2 kite shield
 B - +2 swamp dragon scales (worn)
 E - the +0 robe "Kicruepn" {*Slow rF- Will+++ Dex+5}
   (You found it on level 7 of the Dungeon)

   Dex:       It affects your dexterity (+5).
   rF:        It makes you vulnerable to fire.
   *Slow:     It may slow you when you take damage.
   Will:      It greatly increases your willpower.
 I - a +0 pair of gloves (worn)
 Q - a +2 hat (worn)
Jewellery
 c - a ring of protection from cold (left hand)
 j - an amulet of guardian spirit (around neck)
 y - a +6 ring of strength
 A - a ring of positive energy
 C - a +6 ring of strength (right hand)
 R - a +4 ring of protection
 T - a ring of see invisible
Wands
 i - a wand of charming (22)
 t - a wand of flame (53)
 x - a wand of paralysis (1)
 H - a wand of mindburst (13)
 K - a wand of polymorph (21)
 P - a wand of iceblast (9) (quivered)
Scrolls
 g - 4 scrolls of fear
 s - 2 scrolls of fog
 D - 2 scrolls of magic mapping
 M - a scroll of teleportation
 N - 3 scrolls of amnesia
 S - a scroll of summoning
 U - 3 scrolls of identify
 V - a scroll of blinking
 Y - a scroll of enchant armour
Potions
 d - 4 potions of magic
 e - 2 potions of resistance
 f - 8 potions of curing
 l - a potion of attraction
 o - a potion of mutation
 u - 3 potions of flight
 w - 2 potions of cancellation
 z - 2 potions of lignification
 G - 2 potions of might
 L - 2 potions of brilliance


   Skills:
 - Level 3.0 Fighting
 - Level 3.2 Short Blades
 + Level 12.2 Armour
 + Level 21.3 Dodging
 - Level 2.0 Stealth
 - Level 6.1 Shields
 - Level 9.3 Invocations


You had 13 spell levels left.
You didn't know any spells.
Your spell library contained the following spells:

 Spells                   Type           Power      Damage    Failure   Level
 Foxfire                  Conj/Fire      0%         2x1d4     61%         1
 Magic Dart               Conj           0%         1d3       61%         1
 Call Imp                 Summ           0%         N/A       73%         2
 Ensorcelled Hibernation  Hex/Ice        0%         N/A       73%         2
 Mephitic Cloud           Conj/Pois/Air  0%         N/A       91%         3
 Spider Form              Tmut/Pois      0%         N/A       91%         3


Dungeon Overview and Level Annotations

Branches:
Dungeon (11/15)            Temple (1/1) D:6            Lair (6/6) D:10
 Shoals (0/4) Lair:4       Spider (0/4) Lair:2        Slime (0/5) Lair:5
    Orc (2/2) D:10            Elf (0/3) Orc:2

Altars:
Ashenzari
Cheibriados
Dithmenos
Elyvilon
Fedhas
Gozag
Hepliaklqana
Kikubaaqudgha
Makhleb
Nemelex Xobeh
Okawaru
Qazlal
Ru
Sif Muna
Trog
Uskayaw
Vehumet
Wu Jian
Xom
Yredelemnul
Zin
The Shining One
Beogh
Jiyva

Annotations:
Lair:3 2 transporters, Tevar's ghost, journeyman TrAK
Orc:2 Rupert


Innate Abilities, Weirdness & Mutations

You have a beak for a mouth.
You have claws for feet.
Your magical nature lets you fly swiftly and evasively.
You have a pair of small antennae on your head.
You are agile. (Dex +2)
Your body sometimes deteriorates upon taking damage.
You are frail. (-10% HP)
Your spells are a little harder to cast, but a little more powerful.


Message History

You shrug off the repeated paralysis!
The orc knight roars a battlecry!
The orc goes into a battle-frenzy!
Rupert hits you with a +0 triple sword of electrocution!!
The orc knight hits you but does no damage.
Rupert roars wildly at you.
You are confused.
The orc knight hits you from afar with a +0 bardiche!
* * * LOW HITPOINT WARNING * * *
Rupert hits you with a +0 triple sword of electrocution.
* * * LOW HITPOINT WARNING * * *
You are electrocuted!
* * * LOW HITPOINT WARNING * * *
The orc knight hits you from afar with a +0 bardiche!
* * * LOW HITPOINT WARNING * * *
Rupert hits you but does no damage. The orc hits you but does no damage.
The orc knight hits you but does no damage.
You can move again.
Things that are here:
a +0 robe; a +0 dagger
Okay, then.
It was a potion of invisibility.
You fade into invisibility!
The orc warrior shouts! x2
The orc completely misses you. Rupert barely misses you.
The orc knight completely misses you.
You are very lightly contaminated with residual magic.
You hit the orc but do no damage. You claw the orc. You peck the orc.
The orc is heavily wounded.
The orc warrior shouts! x2
Items here: )) [[.
You hit the orc. You claw the orc, but do no damage.
The orc is severely wounded.
You feel less confused. Rupert completely misses you.
Rupert yells loudly at you.
You suddenly lose the ability to move!
Rupert hits you with a +0 triple sword of electrocution!
You die...
Your body rises from the dead as a mindless zombie.

#............[.[.)(..#..........
##...........[[).[....######...##
#......#......<[)([...# ...#
#........#.....#o.....# ..#
##........#.[[.#oo#...# ...
#......#.....o.[..###.# ...
...##.....[...[...##.##
#.####.##.#...#[@.....# ###
######...#.@[.#.## ##.###..#...#
..###...#.## ###### ....#....###
##..... ##..###....# #...... ####
##.[.# ###......
##...#####.##.....
#......##...##...#
##......##...#....


You could see Rupert, an orc knight, 2 orc warriors and an orc (wandering,
strong).

Vanquished Creatures
  Donald (D:10)
  An orc warlord (Orc:1)
  3 hydras
  A centaur warrior (D:9)
  2 two-headed ogres
  2 orc high priests (Orc:1)
  A skeletal warrior (Orc:1)
  2 goliath frogs (Lair:6)
  3 orc sorcerers
  An ugly thing (D:10)
  A deep elf zephyrmancer (Orc:2)
  An orc knight (Orc:2)
  A guardian serpent (shapeshifter) (D:10)
  7 elephants
  A kobold demonologist (D:9)
  11 cane toads
  Maggie (D:6)
  2 rime drakes
  5 komodo dragons
  3 trolls
  A polar bear (Lair:5)
  Grinder (D:3)
  A tyrant leech (Lair:6)
  2 hornets
  18 blink frogs
  3 dream sheep (Lair:6)
  Sigmund (D:6)
  36 yaks
  Eustachio (D:4)
  5 wyverns
  A shadow (D:9)
  A wraith (D:10)
  A basilisk (Lair:4)
  2 steam dragons
  3 wargs
  5 water moccasins
  An ice beast (D:5)
  24 orc warriors
  2 sky beasts (D:5)
  A black bear (Lair:4)
  4 ogres
  16 wolves
  10 centaurs
  A phantom (D:5)
  4 kobold brigands
  10 bullfrogs
  2 gnoll sergeants
  4 scorpions
  5 wights (D:7)
  5 howler monkeys
  2 gnoll shamans
  19 orc priests
  2 centaur zombies
  2 jellies
  3 bullfrog skeletons (D:5)
  Crazy Yiuf (D:3)
  3 hounds
  5 iguanas (D:5)
  An iron imp (Orc:2)
  Natasha (twice) (D:3)
  16 orc wizards
  A hound zombie (D:5)
  A howler monkey zombie (D:8)
  A howler monkey skeleton (D:5)
  10 gnolls
  5 adders
  3 shadow imps
  A white imp (Orc:2)
  An ufetubus (D:5)
  2 adder skeletons (D:5)
  4 worms
  50 orcs
  8 bats
  9 endoplasms
  8 goblins
  5 hobgoblins
  6 jackals
  5 quokkas
  6 ball pythons
  2 frilled lizards
  24 kobolds
  2 rats
431 creatures vanquished.

Vanquished Creatures (collateral kills)
  Josephine (D:10)
  A hydra (Lair:2)
  A catoblepas (Lair:5)
  An orc high priest (Orc:1)
  Urug (Lair:5)
  A wolf spider (Lair:2)
  2 orc knights (Orc:2)
  3 orc sorcerers
  A deep elf zephyrmancer (Orc:2)
  An oklob plant (Lair:6)
  A centaur zombie (D:10)
  An elephant (Lair:3)
  2 black mambas
  13 cane toads
  6 komodo dragons
  A rime drake (Lair:5)
  A tyrant leech (Lair:6)
  18 blink frogs
  4 dream sheep
  A wyvern (Lair:2)
  2 wraiths (D:10)
  3 basilisks
  13 yaks
  5 vampire mosquitoes
  2 wargs (Orc:2)
  5 water moccasins
  4 orc warriors
  A black bear (Lair:2)
  2 wolves
  5 bullfrogs
  An electric eel (Lair:6)
  4 orc priests (Orc:2)
  7 orc wizards
  7 orcs
  A bush (Lair:5)
123 creatures vanquished.

Vanquished Creatures (others)
  A vampire knight (Orc:2)
  A skeletal warrior (Orc:2)
  2 phantasmal warriors (Lair:6)
  4 flying skulls
  2 wraiths
  A swamp drake (Orc:2)
  4 wights
  A crimson imp (Orc:2)
  An orc priest (Orc:2)
  An iguana (D:5)
  2 orc wizards (Orc:2)
  A goliath frog skeleton (Lair:6)
  A killer bee zombie (D:8)
  A hydra zombie (Lair:5)
  2 mummies
  An elephant skeleton (Lair:3)
  An ufetubus (D:5)
  A hornet zombie (D:10)
  A wyvern zombie (Lair:5)
  9 blink frog zombies
  2 bullfrog skeletons (Lair:6)
  A dream sheep zombie (Lair:6)
  2 elephant zombies (Lair:4)
  An elf zombie (Orc:2)
  3 komodo dragon zombies
  A troll zombie (Orc:2)
  A cane toad zombie (Lair:5)
  An orc skeleton (Lair:5)
  A rime drake zombie (Lair:5)
  2 warg zombies (Orc:2)
  2 orcs
  A basilisk zombie (Lair:5)
  2 jackals (D:4)
  17 yak zombies
  A black bear zombie (Lair:4)
  5 bullfrog zombies
  An ogre zombie (Orc:1)
  39 orc zombies
  2 vampire mosquito zombies
  3 water moccasin zombies
  6 wolf zombies
  A bush (D:8)
  66 fungi
  164 plants
363 creatures vanquished.

Grand Total: 917 creatures vanquished

Notes
Turn   | Place    | Note
-------+----------+-------------------------------------------
     0 | D:1      | BlueGoblin the Tengu Monk began the quest for the Orb.
     0 | D:1      | Reached XP level 1. HP: 14/14 MP: 2/2
   390 | D:1      | Reached XP level 2. HP: 19/19 MP: 3/3
   415 | D:1      | Reached skill level 4 in Dodging
   819 | D:1      | Found a faded altar of an unknown god.
  1063 | D:2      | Reached XP level 3. HP: 15/23 MP: 4/4
  1477 | D:2      | Noticed a scorpion
  1509 | D:2      | Killed a scorpion
  1510 | D:2      | Reached skill level 5 in Dodging
  1510 | D:2      | Reached XP level 4. HP: 28/28 MP: 5/5
  1765 | D:2      | Reached skill level 6 in Dodging
  1766 | D:2      | Gained mutation: Your magical nature lets you fly swiftly
                  | and evasively. [Tengu growth]
  1766 | D:2      | Reached XP level 5. HP: 24/32 MP: 4/6
  1994 | D:3      | Found a glowing silver altar of Zin.
  2013 | D:3      | Noticed Natasha
  2177 | D:3      | Killed Natasha
  2273 | D:3      | Noticed Grinder
  2279 | D:3      | Paralysed by Grinder for 3 turns
  2283 | D:3      | Killed Grinder
  2284 | D:3      | Reached skill level 7 in Dodging
  2284 | D:3      | Reached XP level 6. HP: 36/37 MP: 3/7
  2398 | D:3      | Reached skill level 8 in Dodging
  2431 | D:3      | Found a shimmering blue altar of Sif Muna.
  2486 | D:3      | Got Sif Muna's Handbook of the Blaze
  2825 | D:3      | Found a runed translucent door.
  2826 | D:3      | Noticed Crazy Yiuf
  2915 | D:3      | Reached XP level 7. HP: 39/41 MP: 8/8
  3050 | D:3      | Found a shadowy altar of Dithmenos.
  3255 | D:3      | Found a radiant altar of Vehumet.
  3255 | D:3      | Found a hazy altar of Hepliaklqana.
  3259 | D:3      | Found an opulent altar of Gozag.
  3352 | D:3      | Killed Crazy Yiuf
  3474 | D:3      | Noticed Natasha
  3484 | D:3      | Killed Natasha
  3636 | D:4      | Reached skill level 9 in Dodging
  3787 | D:4      | Noticed Eustachio
  3843 | D:4      | Killed Eustachio
  4021 | D:4      | Found a stormy altar of Qazlal.
  4039 | D:4      | Reached skill level 10 in Dodging
  4215 | D:4      | Reached XP level 8. HP: 46/46 MP: 9/9
  4232 | D:5      | Entered Level 5 of the Dungeon
  4463 | D:5      | Reached skill level 11 in Dodging
  4987 | D:5      | Reached skill level 12 in Dodging
  5043 | D:5      | Found a shimmering altar of Xom.
  5055 | D:5      | Reached XP level 9. HP: 41/50 MP: 8/10
  5595 | D:6      | Noticed Maggie
  5644 | D:6      | Killed Maggie
  5645 | D:6      | Reached skill level 13 in Dodging
  5831 | D:6      | Found a bloodstained altar of Trog.
  6057 | D:6      | Noticed Sigmund
  6070 | D:6      | Killed Sigmund
  6363 | D:6      | Paralysed by an orc for 7 turns
  6380 | D:6      | Paralysed by an orc for 6 turns
  6644 | D:6      | Reached skill level 14 in Dodging
  6815 | D:6      | Found a staircase to the Ecumenical Temple.
  6829 | Temple   | Entered the Ecumenical Temple
  7099 | Temple   | Became a worshipper of Yredelemnul the Dark
  7099 | Temple   | Reached * piety under Yredelemnul
  7099 | Temple   | Reached ** piety under Yredelemnul
  7682 | D:7      | Reached skill level 1 in Armour
  8257 | D:7      | Reached XP level 10. HP: 56/56 MP: 11/11
  8305 | D:7      | Identified the +0 robe "Kicruepn" {*Slow rF- Will+++ Dex+5}
  8358 | D:7      | Reached skill level 15 in Dodging
  8748 | D:8      | Noticed a two-headed ogre
  8789 | D:8      | Killed a two-headed ogre
  9288 | D:8      | Found a blossoming altar of Fedhas.
 10393 | D:9      | Reached *** piety under Yredelemnul
 10531 | D:9      | Reached skill level 5 in Armour
 10618 | D:9      | Found an ornate altar of the Wu Jian Council.
 11029 | D:9      | Identified the +7 flail of Lienwul {venom, rF+ rN+ Int+2}
 11055 | D:10     | Entered Level 10 of the Dungeon
 11058 | D:10     | Noticed a kobold demonologist
 11086 | D:9      | Noticed an orange demon
 11087 | D:9      | Killed a kobold demonologist
 11165 | D:10     | Reached skill level 16 in Dodging
 11175 | D:10     | Received a gift from Yredelemnul (a wight)
 11265 | D:10     | Noticed a cyan ugly thing
 11301 | D:10     | Killed a cyan ugly thing
 11302 | D:10     | Reached XP level 11. HP: 28/60 MP: 6/12
 11600 | D:10     | Found a staircase to the Lair.
 11655 | D:10     | Noticed a two-headed ogre
 11861 | D:9      | Killed a two-headed ogre
 12148 | D:10     | Gained mutation: You have hidden genetic potential. [potion
                  | of mutation]
 12148 | D:10     | Gained mutation: You have a pair of small antennae on your
                  | head. [potion of mutation]
 12155 | D:10     | Noticed a centaur warrior
 12178 | D:9      | Killed a centaur warrior
 12594 | D:10     | Reached skill level 17 in Dodging
 12703 | D:10     | Noticed Josephine
 12931 | Lair:1   | Entered Level 1 of the Lair of Beasts
 13198 | Lair:1   | Reached skill level 1 in Shields
 13394 | Lair:1   | Received a gift from Yredelemnul (a mummy)
 14509 | Lair:2   | Reached skill level 5 in Shields
 14559 | Lair:2   | Received a gift from Yredelemnul (a wight)
 14723 | Lair:2   | Reached XP level 12. HP: 40/64 MP: 7/13
 15077 | Lair:2   | Gained mutation: You are agile. (Dex +2) [hidden potential]
 15149 | Lair:2   | Found a hole to the Spider Nest.
 15647 | Lair:3   | Reached skill level 10 in Armour
 16112 | Lair:3   | Reached skill level 18 in Dodging
 16595 | Lair:3   | Received a gift from Yredelemnul (a mummy)
 16828 | Lair:3   | Found a transporter.
 16828 | Lair:3   | Noticed a death yak
 16830 | Lair:3   | Noticed Tevar's ghost (journeyman TrAK)
 16833 | Lair:3   | Found a transporter.
 16982 | Lair:4   | Noticed an eight-headed hydra
 17019 | Lair:4   | Killed an eight-headed hydra
 17138 | Lair:4   | Noticed a seven-headed hydra
 17176 | Lair:4   | Found a staircase to the Shoals.
 17375 | Lair:3   | Reached skill level 19 in Dodging
 17606 | Lair:2   | Killed a seven-headed hydra
 17661 | Lair:4   | Reached XP level 13. HP: 64/68 MP: 14/14
 17677 | Lair:4   | Received a gift from Yredelemnul (a wight)
 17685 | Lair:4   | Reached **** piety under Yredelemnul
 18027 | Lair:4   | Gained mutation: Your spells are a little harder to cast,
                  | but a little more powerful. [hidden potential]
 18027 | Lair:4   | Lost mutation: You have hidden genetic potential. [hidden
                  | potential expressed]
 18768 | Lair:4   | Received a gift from Yredelemnul (a wight)
 19034 | Lair:4   | Identified the +1 ring mail of Unambiguity {Fly}
 19271 | Lair:5   | Reached skill level 20 in Dodging
 19474 | Lair:5   | Found a viscous altar of Jiyva.
 19474 | Lair:5   | Found a staircase to the Slime Pits.
 19606 | Lair:5   | Received a gift from Yredelemnul (4 flying skulls)
 20113 | Lair:5   | Received a gift from Yredelemnul (a wraith)
 20742 | Lair:6   | Entered Level 6 of the Lair of Beasts
 20766 | Lair:6   | Received a gift from Yredelemnul (a phantasmal warrior)
 20849 | Lair:6   | Noticed Urug
 20996 | Lair:5   | Killed Urug
 21306 | Lair:6   | Reached skill level 21 in Dodging
 21324 | Lair:6   | Found a dark tunnel.
 21595 | Lair:5   | Your ally Urug died
 21797 | Lair:5   | Received a gift from Yredelemnul (a skeletal warrior)
 21800 | Lair:5   | Reached skill level 1 in Invocations
 21999 | Lair:5   | Reached XP level 14. HP: 59/74 MP: 11/16
 22407 | Lair:6   | Identified the +4 hunting sling of the Ring {vorpal, rN+
                  | Dex+4}
 22520 | Lair:6   | Reached skill level 5 in Invocations
 22658 | Lair:6   | Received a gift from Yredelemnul (a phantasmal warrior)
 23962 | D:10     | Found a sparkling altar of Nemelex Xobeh.
 24113 | D:10     | Killed Josephine
 24406 | D:10     | Found a staircase to the Orcish Mines.
 24626 | Orc:1    | Entered Level 1 of the Orcish Mines
 24648 | D:10     | Received a gift from Yredelemnul (a wraith)
 25190 | Orc:2    | Entered Level 2 of the Orcish Mines
 25337 | Orc:2    | Noticed Donald
 26070 | D:10     | Killed Donald
 27431 | Orc:2    | Noticed an orc warlord
 27433 | Orc:2    | Received a gift from Yredelemnul (a skeletal warrior)
 27665 | Orc:1    | Killed an orc warlord
 28351 | Orc:2    | Found a staircase to the Elven Halls.
 28841 | Orc:2    | Received a gift from Yredelemnul (a vampire knight)
 29342 | Orc:2    | Noticed Rupert
 29359 | Orc:2    | Gained mutation: You are frail. (-10% HP) [a neqoxec]
 29376 | Orc:2    | Gained mutation: Your body sometimes deteriorates upon
                  | taking damage. [a neqoxec]
 29578 | Orc:2    | Paralysed by Rupert for 4 turns
 29586 | Orc:2    | Paralysed by Rupert for 7 turns
 29592 | Orc:2    | HP: 1/66 [orc knight (10)]
 29598 | Orc:2    | Paralysed by Rupert for 5 turns
 29600 | Orc:2    | Mangled by Rupert

Illustrated notes

Levels and vault maps discovered:
D:1:      dpeg_arrival_rooms_c, layout_basic, shapermc_ecumenical_altar_pompeii,
          minmay_stone_trees_small
D:2:      layout_loops_corners, st_stairs_5
D:3:      layout_loops_ring, minitemple, led_sif_book,
          overflow_temple_1_default, uniq_crazy_yiuf_cottage, uniq_natasha,
          uniq_grinder
D:4:      layout_basic, grunt_qazlal_clouds, uniq_eustachio
D:5:      layout_rooms, xom_confusion_cloud, minmay_misc_feat_secret_circle,
          hangedman_abyss_or_decor_stabs
D:6:      layout_basic, mainiacjoe_overflow_brackets, minmay_temple_entry_tees,
          uniq_maggie, uniq_sigmund
D:7:      layout_gridville, minmay_misc_feat_room
D:8:      layout_basic, fedhas_bush_and_centaur_altar, minmay_misc_feat_roman
D:9:      layout_basic, nicolae_wu_jian_glorious_leap
D:10:     kennysheep_blocky_room, layout_loops_ring,
          nemelex_xobeh_ov_fountains_minmay, dpeg_oklobed_lair, orc_0_dummy,
          uniq_josephine
D:11:     layout_loops_cross
Temple:   dpeg_chambers_temple
Lair:1:   layout_chaotic_city, patterned_corridor
Lair:2:   layout_roguey, spider_nest_entry_rubble
Lair:3:   layout_chaotic_city, gammafunk_ghost_arena, serial_bayou_shore_b
Lair:4:   layout_small_grid, minmay_shoals_entry_centaurs,
          chequers_serial_rivers_micro_a, nicolae_lair_grove_arrangements,
          infiniplex_staircase_pool
Lair:5:   layout_small_grid, slime_altar_1, portal_ice_cave_rime
Lair:6:   minmay_lair_end_frog_pond, layout_gridlike,
          nicolae_volcano_entry_s_turn, uniq_urug
Orc:1:    layout_diamond_mine, abandoned_shop
Orc:2:    st_orc_congregation, layout_caves, basic_altar, hangedman_minor_magic,
          uniq_donald, uniq_rupert

Skill      XL: |  1  2  3  4  5  6  7  8  9 10 11 12 13 14 |
---------------+-------------------------------------------+-----
Dodging        | 4 5 6 7 8 10 12 14 16 17 19 21 | 21.3
Armour         | 2 7 9 11 12 | 12.2
Shields        | 6 |  6.1
Invocations    | 2 9 |  9.3
Fighting       | |  3.0
Short Blades   | |  3.2
Stealth        | |  2.0

Action                   |  1- 3 |  4- 6 |  7- 9 | 10-12 | 13-15 || total
-------------------------+-------+-------+-------+-------+-------++-------
Melee: Short sword       |    53 |    33 |       |       |       ||    86
       Kick              |    12 |    28 |   188 |   473 |   513 ||  1214
       Peck              |     7 |    22 |   113 |   327 |   352 ||   821
       Dagger            |       |    69 |   476 |   908 |   966 ||  2419
 Fire: Hunting sling     |       |       |       |       |     6 ||     6
Throw: Throwing net      |     2 |     1 |       |       |       ||     3
       Dart              |       |       |       |     5 |     1 ||     6
Invok: Animate Dead      |       |       |       |    16 |    55 ||    71
       Recall Undead Sla |       |       |       |     3 |     8 ||    11
       Drain Life        |       |       |       |       |    17 ||    17
       Stop Recall       |       |       |       |       |     1 ||     1
Evoke: Wand              |       |       |       |       |     5 ||     5
  Use: Scroll            |       |     6 |     4 |    14 |     2 ||    26
       Potion            |       |     1 |     1 |     4 |     6 ||    12
 Stab: Sleeping          |     4 |    10 |     5 |       |     2 ||    21
       Held in net/web   |     2 |     1 |       |       |       ||     3
       Distracted        |       |       |     1 |     4 |    10 ||    15
       Petrified         |       |       |       |       |     1 ||     1
       Confused          |       |       |       |       |     1 ||     1
       Paralysed         |       |       |       |       |     1 ||     1
Armor: Robe              |     5 |     5 |    14 |       |       ||    24
       Swamp dragon scal |       |       |    28 |   150 |   137 ||   315
Dodge: Dodged            |    25 |    72 |   404 |  1160 |  1215 ||  2876
Block: Buckler           |       |       |       |   150 |   423 ||   573

Table legend: (Time is in decaauts)
 A = Elapsed time spent in this place.
 B = Non-inter-level travel time spent in this place.
 C = Inter-level travel time spent in this place.
 D = Time resting spent in this place.
 E = Time spent auto-exploring this place.
 F = Levels seen in this place.
 G = Mean time per level.
                   A        B        C        D        E       F      G
               +--------+--------+--------+--------+--------+-----+--------+
         Total |  27958 |  26815 |   1143 |   8334 |  12679 |  20 | 1397.9 |
       Dungeon |  13202 |  12610 |    592 |   3121 |   6984 |  11 | 1200.2 |
        Temple |    264 |    210 |     54 |      0 |    200 |   1 |  264.0 |
          Lair |  10677 |  10221 |    456 |   3169 |   4583 |   6 | 1779.5 |
  Orcish Mines |   3814 |   3774 |     40 |   2043 |    910 |   2 | 1907.0 |
               +--------+--------+--------+--------+--------+-----+--------+

Top non-repeatable levels by time:
  Lair:5: 2580 daAuts
     D:9: 2351 daAuts
   Orc:1: 2322 daAuts
  Lair:2: 1839 daAuts
    D:10: 1838 daAuts
  Lair:3: 1811 daAuts
     D:6: 1790 daAuts
  Lair:4: 1670 daAuts
  Lair:6: 1619 daAuts
   Orc:2: 1491 daAuts
     D:3: 1328 daAuts
     D:2: 1185 daAuts
  Lair:1: 1156 daAuts
     D:7: 1140 daAuts
     D:5: 943 daAuts
